 Dungeon Crawl Stone Soup version 0.27-a0-836-gfc908b8576 (webtiles) character file.

Game seed: 14186393348854396158

2 robertstho the Magician (level 1, 0/15 HPs)
             Began as a Djinni Summoner on Mar 31, 2021.
             Slain by a bat (1 damage)
             ... on level 1 of the Dungeon.
             The game lasted 00:00:34 (190 turns).

robertstho the Magician (Djinni Summoner)            Turns: 190, Time: 00:00:34

Health: 0/15       AC:  2    Str:  7    XL:     1   Next: 30%
Gold:   0          EV: 12    Int: 16    God:
                   SH:  0    Dex: 13

rFire    + + .     SeeInvis .   (no weapon)
rCold    x . .     Faith    .   (no shield)
rNeg     . . .     Spirit   .   a - +0 robe
rPois    ∞         Reflect  .   (no helmet)
rElec    .         Harm     .   (no cloak)
rCorr    .         Rampage  .   (no gloves)
Will     .....                  (boots unavailable)
Stlth    ++........             (no amulet)
HPRegen  0.05/turn              (no ring)
MPRegen  0.00/turn              (no ring)

@: flying
A: fire resistance 2, cold vulnerability 1, float, innate caster, hp casting,
extra vitality 1
a: no special abilities


You were on level 1 of the Dungeon.
You visited 1 branch of the dungeon, and saw 1 of its levels.

Inventory:

Armour
 a - a +0 robe (worn)


   Skills:
 + Level 2.1 Dodging
 + Level 1.5 Stealth
 * Level 3.7 Spellcasting


You couldn't memorise any spells.
You knew the following spells:

 Your Spells              Type           Power      Damage    Failure   Level
a - Summon Small Mammal   Summ           56%        N/A       3%          1
b - Call Imp              Summ           14%        N/A       6%          2
c - Call Canine Familiar  Summ           14%        N/A       12%         3
d - Summon Guardian Gole  Hex/Summ       14%        N/A       12%         3
e - Summon Lightning Spi  Summ/Air       14%        N/A       36%         4
f - Summon Ice Beast      Ice/Summ       14%        N/A       36%         4
Your spell library was empty.

Dungeon Overview and Level Annotations

Branches:
Dungeon (1/15)

Altars:


Innate Abilities, Weirdness & Mutations

You are immune to poison.
Your flesh is very heat resistant. (rF++)
You are vulnerable to cold. (rC-)
You float through the air rather than walking.
You learn spells naturally, not from books.
Your magical power is your life essence.
You have superior vitality. (+4 HP)


Message History

r - Retreat! s - Stop attacking. g - Guard the area. f - Follow me.
Anything else - Cancel.
Gang up on whom?
Press: ? - help, Dir - move target, f - kobold
Aim: a kobold, wielding a +3 whip and quivering stones (ally target) Attack!
Your bat barely misses the kobold.
The kobold throws a stone.
The stone hits you.
* * * LOW HITPOINT WARNING * * *
Your bat completely misses the kobold.
A bat comes into view.
Your bat closely misses the kobold.
The kobold throws a stone.
The stone hits your bat.
Your bat dies!
Your bat's corpse disappears in a puff of smoke!
Your bat barely misses the kobold.
The bat hits your rat but does no damage.
Your bat barely misses the kobold.
Something hits your rat.
The kobold throws a stone.
The stone barely misses you.
Your rat bites the kobold but does no damage.
A stone appears from out of your range of vision.
The stone barely misses your bat. What are your orders? t - Shout!
Orders for allies: a - Attack new target. p - Attack previous target. r - Retreat! s - Stop attacking. g - Guard the area. f - Follow me.
Anything else - Cancel.
Gang up on whom?
Press: ? - help, Dir - move target, f/p - kobold
Aim: a kobold, wielding a +3 whip and quivering stones (grey smoke, ally target) Attack!
The kobold throws a stone.
The stone barely misses you.
Your rat closely misses the kobold.
Your bat barely misses the kobold.
Unknown command.
The kobold hits your rat with a +3 whip.
Your rat dies!
Your rat's corpse disappears in a puff of smoke!
A kobold comes into view. It is wielding a +0 club.
Your bat misses the kobold. The bat hits you.
You die...

####.<.####
#..'...+
#..####'## #. #.#
#######.#######.
................
...##....#######.
#............
#...b@.......
#..#.........
...##..#.........
..................
..##..rr........##
#..§.........#
#..Kb.$.)....#
..$...........#
....K...###+####


You could see a bat, a kobold (ally target), a friendly bat (summoned) and a
friendly rat (summoned).

Vanquished Creatures (collateral kills)
  An endoplasm (D:1)
  A hobgoblin (D:1)
  A kobold (D:1)
3 creatures vanquished.

Notes
Turn   | Place    | Note
-------+----------+-------------------------------------------
     0 | D:1      | robertstho the Djinni Summoner began the quest for the Orb.
     0 | D:1      | Reached XP level 1. HP: 15/15 MP: 0/0
   190 | D:1      | Slain by a bat

Illustrated notes

Levels and vault maps discovered:
D:1:      dpeg_arrival_radiant, layout_basic

Action                   || total
-------------------------++-------
 Cast: Summon Small Mamm ||    10
Dodge: Dodged            ||     3

Table legend: (Time is in decaauts)
 A = Elapsed time spent in this place.
 B = Non-inter-level travel time spent in this place.
 C = Inter-level travel time spent in this place.
 D = Time resting spent in this place.
 E = Time spent auto-exploring this place.
 F = Levels seen in this place.
 G = Mean time per level.
                   A        B        C        D        E       F      G
               +--------+--------+--------+--------+--------+-----+--------+
         Total |    190 |    190 |      0 |      0 |    137 |   1 |  190.0 |
       Dungeon |    190 |    190 |      0 |      0 |    137 |   1 |  190.0 |
               +--------+--------+--------+--------+--------+-----+--------+

Top non-repeatable levels by time:
     D:1: 190 daAuts
